 Dungeon Crawl Stone Soup version 0.30-a0-358-g0d69a1922f (webtiles) character file.

Game seed: 9590008459474594474

10 gamesnag the Insei (level 2, 0/22 HPs)
             Began as a Demigod Transmuter on Nov 8, 2022.
             Succumbed to a kobold's poison
             ... on level 1 of the Dungeon.
             The game lasted 00:03:17 (535 turns).

gamesnag the Insei (Demigod Transmuter)              Turns: 535, Time: 00:03:18

Health: 0/22       AC:  2    Str: 11    XL:     2   Next: 0%
Magic:  7/7        EV: 12    Int: 15    God:
Gold:   32         SH:  0    Dex: 14    Spells: 3/4 levels left

rFire   . . .      SeeInvis .      - Unarmed
rCold   . . .      Faith    .    (no shield)
rNeg    . . .      Spirit   .    a - +0 robe
rPois   .          Reflect  .    (no helmet)
rElec   .          Harm     .    (no cloak)
rCorr   .          Rampage  .    (no gloves)
Will    .....                    (no boots)
Stlth   +.........               (no amulet)
HPRegen 0.23/turn                (no ring)
MPRegen 0.10/turn                (no ring)

@: lethally poisoned (0 -> -17)
A: high MP 1, forlorn, divine attributes
a: no special abilities


You were on level 1 of the Dungeon.
You visited 1 branch of the dungeon, and saw 1 of its levels.

You collected 32 gold pieces.

Inventory:

Armour
 a - a +0 robe (worn)
Scrolls
 c - a scroll of identify {unknown}
Potions
 b - a potion of lignification
 d - a potion of haste {unknown}
 e - a potion of curing {unknown}


   Skills:
 + Level 0.8 Fighting
 + Level 1.8 Dodging
 + Level 3.1 Unarmed Combat
 + Level 1.8 Spellcasting
 + Level 2.0 Transmutations


You had 3 spell levels left.
You knew the following spells:

 Your Spells              Type           Power      Damage    Failure   Level
a - Beastly Appendage     Tmut           14%        N/A       10%         1

Your spell library contained the following spells:

 Spells                   Type           Power      Damage    Failure   Level
 Wereblood                Tmut           7%         N/A       16%         2
 Freeze                   Ice            4%         1d3       22%         1
 Spider Form              Tmut/Pois      4%         N/A       41%         3
 Frozen Ramparts          Ice            2%         1d1       56%         3
 Hailstorm                Conj/Ice       1%         3d3       56%         3
 Ice Form                 Ice/Tmut       4%         N/A       83%         4


Dungeon Overview and Level Annotations

Branches:
Dungeon (1/15)


Innate Abilities, Weirdness & Mutations

You have an increased reservoir of magic. (+10% MP)
You shall have no god before yourself.
Your divine heritage dramatically boosts your attributes as you level up.


Message History

The ball python constricts you. The ball python closely misses you.
The ball python constricts you.
You escape the ball python's grasp.
The ball python attacks as you move away!
The ball python bites you. The ball python misses you.
The ball python attacks as you move away!
The ball python closely misses you.
You hit the ball python.
You kill the ball python!
You have reached level 2!
You see here a bat corpse.
Found 4 gold pieces.
You now have 28 gold pieces (gained 10).
You now have 32 gold pieces (gained 4).
A kobold comes into view. It is wielding a +2 dagger of venom.
You have 32 gold pieces.
The kobold shouts!
You hear an angry hiss.
You hit the kobold but do no damage.
A ball python comes into view.
The kobold hits you with a +2 dagger of venom.
You are poisoned.
You closely miss the kobold.
You feel sick.
The kobold hits you with a +2 dagger of venom.
You are more poisoned.
You miss the kobold.
You feel very sick.
The kobold hits you with a +2 dagger of venom.
You hit the kobold.
The kobold is heavily wounded.
You feel very sick. The kobold hits you but does no damage.
You are more poisoned.
You hit the kobold but do no damage.
The kobold is heavily wounded.
* * * LOW HITPOINT WARNING * * *
You feel very sick. The kobold misses you.
You hit the kobold.
You kill the kobold!
You die...

. .## . ..# ##. .. #.#
#..
#..##.######.########.#
#.....#....#....@)S...#
#.###.#....#.###.#.##.#
#..........#.# #.# #
......#....#.###.#
#...#.#..........#
.......#########.#
.......# .... .......#
#####.# #.†.###### #


You could see a ball python.

Vanquished Creatures
  A dart slug (D:1)
  An endoplasm (D:1)
  2 goblins (D:1)
  A kobold (D:1)
  A ball python (D:1)
  2 bats (D:1)
  A rat (D:1)
9 creatures vanquished.

Notes
Turn   | Place    | Note
-------+----------+-------------------------------------------
     0 | D:1      | gamesnag the Demigod Transmuter began the quest for the
                  | Orb.
     0 | D:1      | Reached XP level 1. HP: 15/15 MP: 5/5
   108 | D:1      | Reached skill level 3 in Unarmed Combat
   494 | D:1      | Reached XP level 2. HP: 13/22 MP: 7/7
   535 | D:1      | Succumbed to a kobold's poison

Illustrated notes

Levels and vault maps discovered:
D:1:      ncdulo_halloftheorcs, layout_loops_cross,
          shapermc_ecumenical_altar_mp_vishouse, minmay_misc_feat_encased

Skill      XL: |  1 |
---------------+----+-----
Unarmed Combat | 3 |  3.1
Transmutations | 2 |  2.0
Fighting       | |  0.8
Dodging        | |  1.8
Spellcasting   | |  1.8

Action                   || total
-------------------------++-------
Melee: Unarmed           ||    38
       Punch             ||     1
  Use: Scroll            ||     1
Armor: Robe              ||    18
Dodge: Dodged            ||    44

Table legend: (Time is in decaauts)
 A = Elapsed time spent in this place.
 B = Non-inter-level travel time spent in this place.
 C = Inter-level travel time spent in this place.
 D = Time resting spent in this place.
 E = Time spent auto-exploring this place.
 F = Levels seen in this place.
 G = Mean time per level.
                   A        B        C        D        E       F      G
               +--------+--------+--------+--------+--------+-----+--------+
         Total |    533 |    531 |      2 |      0 |    189 |   1 |  533.0 |
       Dungeon |    533 |    531 |      2 |      0 |    189 |   1 |  533.0 |
               +--------+--------+--------+--------+--------+-----+--------+

Top non-repeatable levels by time:
     D:1: 533 daAuts
